 Dungeon Crawl Stone Soup version 0.25.0-26-g0c896c7088 (webtiles) character file.

Game seed: 5627711923250856424

319 simples the Chopper (level 6, -4/55 HPs)
             Began as a Hill Orc Fighter on June 30, 2020.
             Slain by a hippogriff (5 damage)
             ... on level 4 of the Dungeon.
             The game lasted 00:04:32 (3949 turns).

simples the Chopper (Hill Orc Fighter)              Turns: 3949, Time: 00:04:33

Health: -4/55      AC: 10    Str: 20    XL:     6   Next: 46%
Magic:  6/6        EV: 10    Int:  8    God:
Gold:   222        SH:  0    Dex: 13    Spells: 5/5 levels left

rFire    . . .     SeeInvis .   a - +0 war axe
rCold    . . .     Gourm    .   (no shield)
rNeg     . . .     Faith    .   b - +0 scale mail
rPois    .         Spirit   .   i - +0 helmet
rElec    .         Reflect  .   j - +0 cloak
rCorr    .         Harm     .   v - +0 pair of gloves
MR       .....     Rnd*Tele +   (no boots)
Stlth    ..........             (no amulet)
HPRegen  0.18/turn              (no ring)
MPRegen  0.10/turn              (no ring)

@: brilliant, stab, flying
A: agile 1, teleportitis 1
a: no special abilities


You were on level 4 of the Dungeon.
You were not hungry.

You visited 1 branch of the dungeon, and saw 4 of its levels.

You collected 222 gold pieces.

Inventory:

Hand Weapons
 a - a +0 war axe (weapon)
Armour
 b - a +0 scale mail (worn)
 c - a +0 kite shield
 i - a +0 helmet (worn)
 j - a +0 cloak (worn)
 t - a +1 hat
 v - a +0 pair of gloves (worn)
Jewellery
 s - an uncursed ring of protection from cold {unknown}
 w - an uncursed amulet of faith {unknown}
Scrolls
 e - 5 scrolls of identify {unknown}
 g - a scroll of enchant weapon {unknown}
 k - a scroll of magic mapping {unknown}
 m - 3 scrolls of remove curse {unknown}
 n - a scroll of enchant armour {unknown}
 q - a scroll of amnesia {unknown}
 u - a scroll of teleportation {unknown}
Potions
 d - 2 potions of might
Comestibles
 f - 5 rations


   Skills:
 + Level 4.9 Fighting
 * Level 5.8 Axes
 + Level 4.5 Armour
 + Level 2.0 Dodging
 - Level 3.2 Shields


You had 5 spell levels left.
You didn't know any spells.
Your spell library was empty.

Dungeon Overview and Level Annotations

Branches:
Dungeon (4/15)
 Temple: D:4-7

Altars:


Innate Abilities, Weirdness & Mutations

You are agile. (Dex +2)
You are occasionally teleported next to monsters.


Message History

You feel ready to backstab.
It was a potion of mutation.
You feel extremely strange.
You feel weirdly uncertain.
You feel agile. The hippogriff bites you.
* * * LOW HITPOINT WARNING * * *
The hippogriff pecks you but does no damage.
The hippogriff claws you.
* * * LOW HITPOINT WARNING * * *
Okay, then.
It was a potion of flight.
You feel very buoyant.
You fly up into the air.
The hippogriff misses you.
The hippogriff pecks you but does no damage.
The hippogriff closely misses you.
It was a potion of brilliance.
You feel clever all of a sudden. The hippogriff closely misses you.
The hippogriff pecks you.
* * * LOW HITPOINT WARNING * * *
The hippogriff claws you.
You die...

... ....
....##+ #####
...≈≈≈. ....#
..≈≈≈≈≈ ....#
..≈≈.≈≈ ....#
..≈≈≈≈≈##..%.#
#.≈≈≈.H.†...#
###....@....#
#....<....#
#.........#
....#.#+#####
##..#. #. #.
.. .$ #


You could see a hippogriff.

Vanquished Creatures
  2 orc priests (D:3)
  An orc wizard (D:3)
  9 adders
  4 gnolls
  3 worms
  5 dart slugs
  2 leopard geckos
  8 orcs
  8 bats
  6 giant cockroaches
  5 hobgoblins
  7 jackals
  3 quokkas
  A ball python (D:2)
  13 frilled lizards
  7 goblins
  6 kobolds
  5 rats
95 creatures vanquished.

Vanquished Creatures (others)
  3 plants (D:3)
3 creatures vanquished.

Grand Total: 98 creatures vanquished

Notes
Turn   | Place    | Note
-------+----------+-------------------------------------------
     0 | D:1      | simples the Hill Orc Fighter began the quest for the Orb.
     0 | D:1      | Reached XP level 1. HP: 19/19 MP: 1/1
   372 | D:1      | Reached skill level 3 in Axes
   408 | D:1      | Reached XP level 2. HP: 18/27 MP: 2/2
   837 | D:1      | Reached XP level 3. HP: 33/33 MP: 3/3
  1432 | D:1      | Reached skill level 1 in Dodging
  1633 | D:1      | Reached skill level 4 in Axes
  1714 | D:2      | Reached XP level 4. HP: 40/40 MP: 4/4
  2533 | D:2      | Reached XP level 5. HP: 47/47 MP: 5/5
  2823 | D:3      | Reached skill level 5 in Axes
  3325 | D:3      | Reached XP level 6. HP: 46/53 MP: 6/6
  3932 | D:4      | Noticed a hippogriff
  3947 | D:4      | Gained mutation: You are occasionally teleported next to
                  | monsters. [potion of mutation]
  3947 | D:4      | Gained mutation: You are agile. (Dex +2) [potion of
                  | mutation]
  3949 | D:4      | HP: 1/55 [hippogriff (2)]
  3949 | D:4      | Slain by a hippogriff

Illustrated notes

Levels and vault maps discovered:
D:1:      dpeg_arrival_three_bigger_balls, layout_basic
D:2:      layout_loops_ring
D:3:      layout_rooms, grunt_ministairs_6, chequers_big_river
D:4:      layout_basic, kennysheep_slug_shrine, first_ration

Skill      XL: |  1  2  3  4  5  6 |
---------------+-------------------+-----
Axes           | 3 4 5 |  5.8
Fighting       | 4 |  4.9
Dodging        | 1 2 |  2.0
Armour         | 4 |  4.5
Shields        | |  3.2

Action                   |  1- 3 |  4- 6 || total
-------------------------+-------+-------++-------
Melee: War axe           |    84 |   203 ||   287
  Use: Potion            |       |     4 ||     4
  Eat: Chunk             |     2 |     8 ||    10
Armor: Scale mail        |    36 |   138 ||   174
Dodge: Dodged            |    54 |   138 ||   192
